AoeStats
← [GDL] Maldito Pantoja

Black Forest

503421932Analyzed
4v4 RM · 1mo ago on Aug 31, 2026· 40m 12s· 8 players
Game mode
Random Map
Map size
Large (8 player)
Population
200
Speed
Normal
Resources
Standard
Victory
Conquest
Starting age
Dark Age
Ending age
Imperial Age
RankedLock teamsTeams togetherTeam positionsShared explorationLock speedFull tech treeHidden civsTurbo modeCheats
Victory
Defeat
🇹🇷 Bohemians · Türkiye
1392
+18
🇹🇷 Franks · Türkiye
1348
+20
🇧🇪 Wei · Belgium
1329
+20
🇬🇧 Persians · United Kingdom
1320
+21
🇫🇷 Goths · France
1473
-22
🇮🇳 Franks · India
1445
-20
🇨🇦 Saracens · Canada
1437
-20
🇲🇽 Britons · Mexico
1356
-16
klostrofobikköstebek
11:44 Feudal Age
15:31 Castle Age
13:19 Double-Bit Axe
16:23 Fishing Lines
18:32 Wheelbarrow
22:57 Bow Saw
24:35 Hand Cart
28:58 Imperial Age
26:31 Gillnets
28:09 Scale Barding Armor
28:15 Forging
28:07 Husbandry
29:24 Chain Barding Armor
30:18 Iron Casting
29:05 Cavalier
30:08 Gold Mining
30:08 Stone Mining
31:28 Plate Barding Armor
32:06 Chemistry
31:14 Siege Engineers
32:09 Coinage
32:42 Gold Shaft Mining
32:13 Paladin
33:37 Banking
35:50 Blast Furnace
39:21 Caravan
39:49 Elite Throwing Axeman
40:52 #83
Sladman
7:09 Loom
10:38 Feudal Age
14:22 Castle Age
13:04 Double-Bit Axe
18:42 Town Watch
19:43 Horse Collar
24:11 Wheelbarrow
24:59 Bow Saw
25:21 Fishing Lines
26:25 Gold Mining
26:37 Heavy Plow
27:36 Gillnets
27:53 Stone Mining
28:56 Hand Cart
31:19 Imperial Age
28:56 Scale Barding Armor
30:23 Chain Barding Armor
30:34 Forging
31:15 Stone Shaft Mining
31:03 Bloodlines
30:54 Husbandry
31:49 Gold Shaft Mining
31:58 Iron Casting
30:56 Elite War Elephant
31:58 Conscription
32:16 Plate Barding Armor
32:39 Masonry
34:14 Two-Man Saw
34:53 Fletching
35:33 Bodkin Arrow
38:31 Blast Furnace
Heretic Prophet
0:26 Loom
12:43 Feudal Age
13:50 Horse Collar
14:17 Double-Bit Axe
18:22 Gold Mining
20:53 Castle Age
19:15 Fishing Lines
19:45 Stone Mining
21:50 Bow Saw
24:17 Gillnets
25:07 Gold Shaft Mining
24:29 Fletching
26:10 Wheelbarrow
28:21 Hand Cart
28:09 Bodkin Arrow
31:59 Imperial Age
30:22 Stone Shaft Mining
29:52 Padded Archer Armor
30:11 Scale Barding Armor
30:49 Padded Archer Armor
32:34 Ballistics
32:26 Bloodlines
32:16 Husbandry
32:40 Tuntian
34:34 Parthian Tactics
35:05 Thumb Ring
35:04 Bracer
35:20 Leather Archer Armor
36:09 Chemistry
35:20 Masonry
38:51 Ring Archer Armor
38:48 Ming Guang Armor
38:45 Conscription
waLLefps.
0:43 Loom
13:28 Feudal Age
17:34 Castle Age
15:31 Double-Bit Axe
15:30 Horse Collar
18:36 Bow Saw
19:19 Heavy Plow
22:22 Fervor
22:36 Sanctity
24:16 Wheelbarrow
26:15 Hand Cart
27:00 Padded Archer Armor
29:43 Imperial Age
28:02 Leather Archer Armor
28:09 Ballistics
28:00 Masonry
28:28 Town Watch
29:47 Chemistry
29:36 Wagenburg Tactics
31:42 Ring Archer Armor
32:39 Two-Man Saw
32:25 Siege Engineers
31:48 Houfnice
34:37 Conscription
Le Miel Jospin
8:22 Loom
10:02 Loom
12:05 Feudal Age
16:16 Castle Age
15:30 Double-Bit Axe
15:26 Horse Collar
17:45 Town Watch
18:52 Bow Saw
21:10 Wheelbarrow
25:35 Heavy Plow
31:38 Imperial Age
29:42 Scale Mail Armor
29:52 Forging
30:28 Anarchy
31:05 Squires
32:06 Chain Mail Armor
32:49 Iron Casting
32:25 Elite Huskarl
34:41 Conscription
34:55 Perfusion
38:13 Pikeman
39:09 Caravan
39:14 Gold Mining
39:43 Hand Cart
AlzzStriker
12:22 Feudal Age
13:58 Double-Bit Axe
13:56 Horse Collar
16:57 Castle Age
18:28 Bow Saw
19:13 Fishing Lines
22:27 Gillnets
22:54 Heavy Plow
26:04 Wheelbarrow
25:15 Loom
25:16 Town Watch
27:19 Hand Cart
27:54 Fletching
28:10 Scale Barding Armor
27:58 Treadmill Crane
29:20 Caravan
29:23 Gold Mining
29:25 Stone Mining
30:03 Chain Barding Armor
29:54 Forging
29:40 Bodkin Arrow
30:30 Bloodlines
30:20 Husbandry
29:41 Light Cavalry
34:11 Imperial Age
32:41 Masonry
32:53 Ballistics
33:10 Iron Casting
32:38 Scale Mail Armor
32:46 Padded Archer Armor
35:06 Gold Shaft Mining
34:53 Leather Archer Armor
34:01 Crossbowman
34:47 Thumb Ring
34:14 Onager
35:17 Conscription
35:50 Hoardings
34:51 Elite Mameluke
37:19 Counterweights
38:29 Siege Engineers
[GDL] Maldito Pantoja
2:13 Loom
11:49 Feudal Age
13:41 Double-Bit Axe
21:01 Castle Age
19:13 Horse Collar
22:21 Stone Mining
22:22 Gold Mining
22:37 Fletching
23:22 Bow Saw
26:07 Wheelbarrow
31:11 Imperial Age
29:37 Bodkin Arrow
29:47 Padded Archer Armor
31:14 Gold Shaft Mining
30:41 Heavy Plow
32:01 Bracer
33:36 Chemistry
32:53 Leather Archer Armor
33:35 Hand Cart
33:06 Town Watch
34:25 Ballistics
34:37 Ring Archer Armor
36:16 Conscription
36:12 Town Patrol
Maverick
9:31 Loom
12:31 Feudal Age
16:24 Castle Age
14:11 Double-Bit Axe
17:43 Bow Saw
20:50 Fishing Lines
23:26 Wheelbarrow
23:00 Gillnets
28:58 Imperial Age
26:34 Gold Mining
26:54 Scale Barding Armor
27:32 Hand Cart
27:29 Forging
28:05 Coinage
29:04 Gold Shaft Mining
29:01 Chain Barding Armor
29:36 Iron Casting
29:43 Chivalry
30:04 Conscription
30:52 Plate Barding Armor
30:05 Cavalier
30:45 Husbandry
31:15 Paladin
33:17 Blast Furnace
Connection lost

Rejoining the realm…

Still unreachable

The connection could not be restored.

Session expired

The server has moved on; the page needs a fresh start.